 Dungeon Crawl Stone Soup version 0.23-a0-143-g1adec7b (webtiles) character file.

129 corax the Charlatan (level 5, -2/33 HPs)
             Began as an Octopode Artificer on Sept 4, 2018.
             Was an Initiate of Gozag.
             Hit by a tomahawk thrown by an orc (3 damage)
             ... on level 3 of the Dungeon.
             The game lasted 00:04:54 (1723 turns).

corax the Charlatan (Octopode Artificer)            Turns: 1723, Time: 00:04:55

Health: -2/33      AC:  1    Str: 13    XL:     5   Next: 12%
Magic:  8/8        EV: 13    Int: 13    God:    Gozag
Gold:   218        SH:  0    Dex: 12    Spells: 4/4 levels left

rFire    . . .     SeeInvis +   u - +1 short sword (venom)
rCold    . . .     Gourm    .   (no shield)
rNeg     . . .     Faith    .   (helmet restricted)
rPois    .         Spirit   .   (no amulet)
rElec    .         Reflect  .   n - ring of wizardry
rCorr    .         Harm     .   r - ring of wizardry
MR       .....                  t - ring of see invisible
Stlth    +++.......             (no ring)
HPRegen  0.11/turn              (no ring)
MPRegen  0.11/turn              (no ring)
                                (no ring)
                                (no ring)

@: gold aura
A: almost no armour, stealthy swim, amphibious, 8 rings, constrict 8, camouflage
1, gelatinous body 1
a: Potion Petition, Call Merchant, Bribe Branch, Renounce Religion


You were on level 3 of the Dungeon.
You worshipped Gozag.
Gozag was aware of your devotion.
You were not hungry.

You visited 1 branch of the dungeon, and saw 3 of its levels.

You collected 237 gold pieces.
You paid 19 gold pieces to Gozag.

Inventory:

Hand Weapons
 a - a +0 short sword
 u - a +1 short sword of venom (weapon)
Missiles
 j - 38 bolts
 l - 102 stones (quivered)
 m - 56 sling bullets
Jewellery
 n - a ring of wizardry (left tentacle)
 r - a ring of wizardry (right tentacle)
 t - a ring of see invisible (on tentacle)
Wands
 b - a wand of flame (15)
 c - a wand of enslavement (15)
 d - a wand of random effects (15)
Scrolls
 e - 2 scrolls of identify {unknown}
 i - 2 scrolls of immolation {unknown}
 k - a scroll of fog {unknown}
 p - 2 scrolls of remove curse {unknown}
 q - a scroll of teleportation {unknown}
 s - a scroll of random uselessness {unknown}
Potions
 g - a potion of haste {unknown}
 h - a potion of ambrosia {unknown}
 o - 3 potions of heal wounds {unknown}
Comestibles
 f - 7 rations


   Skills:
 + Level 1.4 Fighting
 + Level 2.4 Short Blades
 + Level 2.5 Dodging
 + Level 3.8 Stealth
 + Level 4.2 Evocations


You had 4 spell levels left.
You didn't know any spells.
Your spell library was empty.

Dungeon Overview and Level Annotations

Branches:
Dungeon (3/15)

Altars:
Gozag
Trog
Vehumet
Yredelemnul


Innate Abilities, Weirdness & Mutations

You cannot wear most types of armour.
You are very stealthy in the water. (Stealth+)
You are amphibious.
You can wear up to eight rings at the same time.
You can use your tentacles to constrict eight enemies at once.
Your skin changes colour to match your surroundings (Stealth+).
Your rubbery body absorbs attacks. (AC +1, EV +1)


Message History

The orc hits you but does no damage.
The orc wizard is distracted by the nearby gold.
The orc hits you.
You are too injured to fight recklessly!
You are too injured to fight recklessly!
You are too injured to fight recklessly!
Unknown command.
The orc is distracted by the nearby gold.
The orc throws a tomahawk.
The tomahawk hits you!
* * * LOW HITPOINT WARNING * * *
You see here a tomahawk.
The orc throws a tomahawk.
The tomahawk hits you.
* * * LOW HITPOINT WARNING * * *
You see here a tomahawk.
The orc wizard is no longer distracted by gold.
The orc wizard gestures wildly while chanting.
The orc wizard flickers and vanishes for a moment.
The orc throws a tomahawk.
The tomahawk hits you.
You die...
Your body crumbles into a pile of gold.

#.......#### ..#
.##..........###..##
..................#
#...........#....#
.##...ooo$.........#
......$....$..#$...#
....:..(.(......#####
....#....(##........##
.........$@........(.##
..
####.###...$$........#
.# #. ##............#
.# ###. #............#
.##
..##..####..........#
..#
##..###.#.......##...##
..#
............###).#####
..## .8... ...8..# ##)#
...##...#...#....# #.##


You could see an orc wizard (invisible) and 2 orcs.

Vanquished Creatures
  5 adders
  5 dart slugs
  7 leopard geckos
  3 orcs (D:3)
  12 goblins
  5 hobgoblins
  2 jackals (D:1)
  4 kobolds
  A quokka (D:2)
  A ball python (D:3)
  6 bats
  4 frilled lizards
  9 rats
  A spectral orc (D:2)
65 creatures vanquished.

Notes
Turn   | Place    | Note
-------+----------+-------------------------------------------
     0 | D:1      | corax the Octopode Artificer began the quest for the Orb.
     0 | D:1      | Reached XP level 1. HP: 13/13 MP: 3/3
    87 | D:1      | Reached XP level 2. HP: 18/18 MP: 4/4
   143 | D:1      | Reached skill level 4 in Evocations
   236 | D:1      | Reached XP level 3. HP: 20/23 MP: 6/6
   696 | D:2      | Found a radiant altar of Vehumet.
   792 | D:2      | Found an opulent altar of Gozag.
   804 | D:2      | Became a worshipper of Gozag Ym Sagoz the Greedy
   843 | D:2      | Reached XP level 4. HP: 17/28 MP: 7/7
  1027 | D:2      | Found a bloodstained altar of Trog.
  1267 | D:2      | Found a basalt altar of Yredelemnul.
  1651 | D:3      | Reached XP level 5. HP: 30/33 MP: 8/8
  1722 | D:3      | HP: 1/33 [orc/tomahawk (5)]
  1723 | D:3      | Hit by a tomahawk thrown by an orc

Vault maps used:
D:1:      eino_arrival_cavern_b, minmay_splitting_lines, nrook_uturn
D:2:      fiery_altar_vehumet, old_standard_altar,
          yredelemnul_forgotten_temple_becter, serial_forest,
          infiniplex_forest_clump_small, infiniplex_forest_clump_large,
          infiniplex_forest_straight_2, infiniplex_forest_straight_4,
          infiniplex_forest_zigzag_1, infiniplex_forest_lined_ring,
          infiniplex_forest_end_double, trog_book
D:3:      gammafunk_temple_overflow_arena, first_ration,
          minmay_misc_feat_four_crosses, minivault_4, minmay_quantized

Skill      XL: |  1  2  3  4 |
---------------+-------------+-----
Evocations     | 4 |  4.2
Stealth        | 2 3 |  3.8
Short Blades   | 2 |  2.4
Fighting       | |  1.4
Dodging        | |  2.5

Action                   |  1- 3 |  4- 6 || total
-------------------------+-------+-------++-------
Melee: Short sword       |    63 |    64 ||   127
       Constrict         |    19 |    18 ||    37
       Tentacles         |    15 |     9 ||    24
 Stab: Sleeping          |     9 |     7 ||    16
  Eat: Ration            |       |     1 ||     1
Armor: Skin              |     8 |     7 ||    15
Dodge: Dodged            |    39 |    44 ||    83

Table legend:
 A = Non-vault XP
 B = Vault XP
 C = Vault XP percentage of total XP
 D = Non-vault monster count
 E = Vault monster count
 F = Vault count percentage of total count
                 A         B        C        D         E       F
            +---------+---------+-------+---------+---------+-------
      Total |     184 |       1 |   0.5 |      64 |       1 |   1.5
            +---------+---------+-------+---------+---------+-------
        D:1 |      50 |       0 |   0.0 |      24 |       0 |   0.0
        D:2 |      52 |       1 |   1.9 |      15 |       1 |   6.2
        D:3 |      82 |       0 |   0.0 |      25 |       0 |   0.0
            +---------+---------+-------+---------+---------+-------
